Map: Ultralove

Players

Exeo

  • Race: Terran Terran
  • League: Diamond
  • Spawn Location: 7:00

ManlyManMeat - Winner!

  • Race: Zerg Zerg
  • League: Diamond
  • Spawn Location: 1:00

VOD

Have the link to the VOD?

Description

Time

  • Played on: July 12, 2025, 11:47 a.m.
  • Length: 27:21
Show
View Real Time Build Order
Export as new Build Order

Exeo Terran 

Build Orders: 2 Factory, Command Center First 

Get SALT Encoding   

  12  0:00  SCV  
  13  0:12  SCV  
  14  0:17  Supply Depot  
  14  0:24  SCV  
  14  0:27  Refinery  
  15  0:38  SCV  
  16  0:50  SCV  
  17  1:03  SCV  
  18  1:10  Command Center  
  18  1:15  SCV  
  19  1:26  Barracks  
  19  1:32  Barracks  
  19  1:38  SCV  
  20  1:50  SCV  
  21  1:55  Refinery  
  21  2:02  SCV  
  22  2:14  SCV  
  23  2:26  SCV x2  
  23  2:28  Marine x2  
  27  2:34  Factory  
  27  2:35  Barracks  
  27  2:38  SCV  
  27  2:44  Orbital Command  
  28  2:48  Marine  
  28  2:49  Marine  
  30  2:58  Orbital Command  
  28  3:09  Reaper  
  28  3:10  Reaper  
  28  3:11  SCV  
  31  3:19  Factory  
  31  3:29  Hellion  
  31  3:33  Reaper  
  34  3:40  Orbital Command  
  34  3:42  Barracks, Reaper x2  
  34  3:45  Supply Depot  
  36  3:51  Hellion  
  38  4:04  Supply Depot  
  38  4:07  SCV  
  39  4:11  Hellion  
  39  4:13  Hellion  
  39  4:16  SCV  
  44  4:19  Reaper, SCV  
  46  4:25  Supply Depot  
  46  4:26  Reaper x2  
  46  4:27  Supply Depot  
  46  4:30  Reaper  
  49  4:49  Refinery  
  49  4:51  Reaper  
  49  4:52  Starport  
  50  4:58  Reaper x2  
  50  4:59  SCV x2  
  54  5:11  Hellion x2  
  54  5:13  Supply Depot  
  58  5:14  Supply Depot  
  58  5:21  Marine  
  58  5:23  Marine  
  60  5:30  Marine x2  
  60  5:31  SCV x2  
  64  5:39  Marine  
  64  6:04  Factory Tech Lab x2  
  62  6:07  Starport Tech Lab, SCV  
  62  6:08  Starport  
  62  6:11  Engineering Bay x2  
  63  6:17  Barracks Tech Lab x2  
  63  6:24  Barracks Tech Lab, Siege Tank  
  63  6:25  Barracks Tech Lab  
  66  6:27  Command Center  
  66  6:38  Siege Tank  
  66  6:39  Terran Infantry Weapons Level 1  
  69  6:40  Terran Infantry Armor Level 1  
  69  6:48  SCV x2  
  69  6:50  Refinery  
  71  7:00  SCV x2  
  73  7:10  Siege Tank  
  73  7:13  Starport Tech Lab  
  73  7:15  SCV x2  
  78  7:17  Siege Tank  
  78  7:18  Marine x4  
  85  7:23  Supply Depot  
  85  7:24  Supply Depot  
  84  7:39  Banshee  
  87  7:48  Marauder x2  
  87  7:49  Marauder x2  
  96  7:53  Banshee  
  97  8:01  Orbital Command  
  97  8:04  Command Center  
  97  8:05  Siege Tank  
  97  8:10  Marauder  
  97  8:11  Marauder  
  97  8:12  Marauder  
  106  8:13  Concussive Shells  
  106  8:26  Supply Depot  
  106  8:28  Supply Depot  
  106  8:29  Supply Depot  
  92  8:54  Marauder x3, Orbital Command  
  92  8:55  Marauder  
  100  8:57  Siege Tank  
  100  8:59  Raven  
  105  9:05  SCV x2  
  107  9:15  Marine x4  
  82  9:54  Banshee  
  72  10:48  Marine x4  
  72  10:49  Orbital Command  
  71  11:05  Marine  
  71  11:06  Marine  
  73  11:26  Orbital Command  
  73  11:36  Orbital Command  
  73  11:38  Factory Tech Lab  
  73  11:39  Siege Tank  
  76  11:49  Refinery  
  76  11:55  Command Center  
  76  12:06  Supply Depot  
  76  12:08  Supply Depot  
  76  12:10  Hellion, Marine, SCV  
  76  12:11  Marine, SCV  
  76  12:12  Supply Depot  
  76  12:27  Marine, SCV x2  
  76  12:28  Siege Tank  
  78  12:31  Hellion  
  64  12:39  SCV  
  64  12:41  Marine x3  
  67  12:45  Marine  
  68  12:53  Hellion  
  72  12:58  Banshee  
  72  12:59  Marine x3  
  72  13:00  Hellion, Supply Depot  
  72  13:01  SCV x2  
  72  13:03  Marine  
  82  13:07  Orbital Command  
  77  13:21  Hellion x2  
  77  13:26  Orbital Command  
  46  13:43  Banshee  
  47  14:05  Marauder x2  
  48  14:24  Orbital Command  
  48  14:28  Orbital Command  
  48  14:31  Orbital Command  
  48  14:32  Orbital Command  
  48  14:34  Banshee  
  51  14:52  SCV  
  52  15:04  SCV  
  47  15:16  SCV  
  47  15:17  Siege Tank  
  40  15:41  Hellion  
  40  15:42  Marine x4  
  45  15:49  Hellion  
  44  15:50  Orbital Command  
  38  15:59  Missile Turret  
  38  16:00  Marine x4  
  38  16:03  Hellion  
  44  16:04  Orbital Command  
  44  16:08  SCV  
  36  16:36  Supply Depot  
  36  16:47  Marauder x3, Marine  
  40  16:55  SCV x3  
  40  17:00  Missile Turret  
  37  17:04  Hellion x2  
  37  17:05  Marine  
  37  17:07  Marine  
  37  17:08  Marine  
  41  17:25  Bunker  
  41  17:26  Hellion x2  
  45  17:30  Supply Depot  
  45  17:31  Missile Turret  
  39  18:00  SCV x2  
  41  18:07  Marine x4  
  41  18:10  Stimpack, Combat Shield  
  45  18:24  Marine  
  46  18:30  Missile Turret  
  46  18:34  Widow Mine x2  
  50  18:35  Supply Depot  
  50  18:36  SCV x2  
  52  18:50  Refinery  
  52  18:54  Starport  
  52  18:55  Widow Mine x2  
  56  18:56  Armory  
  56  19:23  Siege Tank x2  
  58  19:33  Starport Tech Lab  
  58  19:44  Orbital Command  
  58  20:13  Orbital Command  
  58  20:14  Banshee  
  61  20:39  Siege Tank x2  
  61  20:41  Raven  
  69  20:58  Raven  
  67  21:38  Siege Tank  
  66  21:40  Orbital Command  
  66  22:00  Barracks Reactor  
  66  22:07  SCV  
  67  22:21  Bunker  
  67  22:23  Bunker  
  67  22:33  Widow Mine  
  67  22:34  Widow Mine  
  71  22:41  Missile Turret  
  71  22:42  Missile Turret  
  71  22:44  Missile Turret  
  71  22:59  Orbital Command  
  63  23:06  Hellion  
  63  23:07  Hellion  
  59  23:42  Marine x5  
  59  23:45  Hellion x2  
  68  23:49  Refinery  
  68  23:50  Refinery  
  68  24:00  Marine x5  
  67  24:24  Marine x2  
  67  24:31  Missile Turret  
  69  24:33  Missile Turret  
  69  24:35  Missile Turret  
  69  24:37  Marine x3  
  76  24:38  Hellion x2  
  76  24:40  Terran Vehicle Weapons Level 1  
  76  24:42  Marine  
  67  25:00  Hellion x2  
  61  25:11  Marine x3  
  61  25:12  Marine x2  
  66  25:16  Banshee  
  73  25:21  Hellion x2  
  67  25:29  Marine x3  
  67  25:30  Marauder x2  
  67  25:34  Orbital Command  
  73  25:40  Medivac  
  77  25:42  Hellion  
  77  26:01  Orbital Command  
  65  26:36  Orbital Command  
Show
View Real Time Build Order
Export as new Build Order

ManlyManMeat Zerg - Winner!

Build Orders: Hatch First 

Get SALT Encoding   

  12  0:00  Drone  
  13  0:08  Drone  
  14  0:14  Drone, Extractor  
  15  0:21  Overlord  
  15  0:40  Drone  
  16  0:47  Hatchery  
  15  0:50  Drone  
  15  0:54  Drone  
  17  0:58  Drone  
  18  1:08  Extractor  
  17  1:13  Spawning Pool  
  17  1:17  Drone  
  17  1:19  Drone  
  18  1:26  Drone  
  19  1:37  Drone  
  20  2:00  Queen x2  
  25  2:01  Zergling x4  
  25  2:03  Overlord  
  26  2:11  Zergling x4  
  26  2:15  Metabolic Boost  
  28  2:35  Drone  
  28  2:36  Drone  
  30  2:41  Hatchery  
  30  2:43  Drone x2  
  31  2:46  Drone  
  31  2:49  Drone  
  33  2:55  Overlord  
  33  3:03  Drone x2  
  34  3:12  Drone  
  35  3:13  Overlord  
  35  3:17  Queen  
  37  3:21  Drone  
  37  3:22  Drone x2  
  37  3:25  Drone  
  41  3:33  Drone x2  
  43  3:40  Lair  
  43  3:46  Roach Warren  
  42  3:48  Drone x2  
  42  3:49  Drone x2  
  42  3:51  Drone  
  47  3:55  Extractor  
  47  3:59  Drone x5  
  51  4:16  Zergling x10  
  56  4:23  Queen  
  57  4:45  Overlord x4  
  57  4:46  Overlord  
  57  4:53  Evolution Chamber  
  57  4:54  Drone x2, Infestation Pit  
  57  4:55  Drone, Evolution Chamber  
  57  5:03  Queen  
  59  5:07  Queen  
  59  5:11  Drone x3, Extractor  
  63  5:24  Roach  
  63  5:25  Roach x6  
  77  5:47  Roach  
  77  5:48  Zergling x10, Roach x3  
  88  6:03  Zergling x2  
  88  6:04  Zergling x2, Overlord x4  
  88  6:09  Zergling x2, Overlord  
  89  6:14  Zerg Melee Weapons Level 1  
  89  6:19  Overlord x3  
  96  6:32  Roach  
  96  6:33  Roach x5  
  100  6:43  Roach x2  
  104  6:54  Extractor  
  104  6:59  Roach  
  104  7:00  Roach x3  
  110  7:16  Drone x5, Overlord x3  
  110  7:19  Extractor x2  
  113  7:26  Roach x8  
  126  7:54  Hive  
  126  7:56  Drone  
  126  7:57  Drone x2  
  126  7:58  Drone x3  
  132  8:09  Overseer  
  132  8:13  Hatchery  
  131  8:24  Hatchery  
  131  8:25  Hatchery  
  79  8:49  Zergling x40  
  79  8:50  Zergling x6  
  100  8:56  Zerg Melee Weapons Level 2  
  100  8:57  Zerg Ground Armor Level 1  
  104  9:17  Roach x12  
  109  9:40  Roach x10  
  109  9:41  Roach  
  105  10:03  Roach  
  105  10:04  Roach x6  
  115  10:17  Zergling x2  
  115  10:18  Zergling x10  
  102  10:29  Roach x2  
  102  10:42  Zergling x12  
  96  11:03  Roach x6  
  99  11:28  Roach x4  
  99  11:29  Roach  
  99  11:30  Glial Reconstitution  
  108  11:47  Adrenal Glands  
  107  11:50  Ultralisk Cavern  
  96  12:37  Zergling x32  
  62  12:48  Ultralisk x4  
  72  13:47  Zergling x4  
  72  13:48  Zergling x26, Spire  
  73  14:41  Overseer  
  73  15:01  Corruptor x6  
  73  15:02  Hatchery  
  83  15:07  Hatchery  
  69  15:38  Zergling x14  
  69  15:39  Zergling x8  
  68  16:01  Zergling x2  
  68  16:02  Zergling x8  
  68  16:32  Ultralisk  
  73  17:09  Ultralisk  
  72  17:56  Drone x2  
  72  17:57  Ultralisk x3  
  72  17:58  Zergling x2  
  88  18:24  Drone x5  
  88  18:25  Drone  
  94  19:00  Ultralisk  
  95  19:35  Overseer  
  95  19:41  Ultralisk x2  
  95  19:42  Hatchery  
  95  19:45  Zerg Melee Weapons Level 3  
  106  20:00  Zergling x16  
  111  20:19  Chitinous Plating  
  111  20:47  Hatchery  
  110  20:58  Corruptor x3  
  112  21:38  Anabolic Synthesis  
  111  21:55  Swarm Host x13  
  150  22:03  Zerg Ground Armor Level 2  
  135  23:14  Overlord x3  
  135  23:28  Swarm Host x4  
  135  23:30  Ultralisk  
  153  24:00  Swarm Host x2  
  159  24:06  Extractor  
  159  24:08  Extractor  
  157  24:14  Swarm Host x3  
  166  24:33  Extractor x2  
  164  24:44  Extractor  
  163  24:46  Extractor  
  154  25:36  Drone x3  
  157  26:00  Zergling x8  
  157  26:01  Zergling x18  
  157  26:02  Overlord x6  
  170  26:10  Zergling x2  
  170  26:11  Zergling x4  
  173  26:25  Zergling x2  
  173  26:26  Zergling x26  
  184  26:56  Zergling x2  
  184  26:57  Zergling x28  
Tags
 
Add a new tag
Caveats
  • Supply blocks, unpowered buildings, or Contaminate may cause inaccurate times.
  • Supply counts are checked every 10 seconds.